 Dungeon Crawl Stone Soup version 0.26-a0-812-g31a745ddcd (webtiles) character file.

Game seed: 10054308721762710526

189 kae the Insei (level 5, -4/30 HPs)
             Began as a Tengu Transmuter on Nov 20, 2020.
             Slain by a gnoll
             ... wielding a +2 spear of distortion
              (20 damage)
             ... on level 3 of the Dungeon.
             The game lasted 00:03:18 (2975 turns).

kae the Insei (Tengu Transmuter)                    Turns: 2975, Time: 00:03:18

Health: -4/30      AC:  3    Str: 11    XL:     5   Next: 68%
Magic:  9/9        EV: 13    Int: 15    God:
Gold:   132        SH:  0    Dex: 15    Spells: 5/9 levels left

rFire    . . .     SeeInvis .     - Unarmed
rCold    . . .     Faith    .   (no shield)
rNeg     . . .     Spirit   .   a - +1 robe
rPois    .         Reflect  .   (helmet restricted)
rElec    .         Harm     .   g - scarf {shadows}
rCorr    .         Rampage  .   (no gloves)
MR       .....                  (boots unavailable)
Stlth    +.........             (no amulet)
HPRegen  0.10/turn              (no ring)
MPRegen  0.11/turn              (no ring)

@: confused, hasted, very quick
A: beak, horns 1, talons 3, clever 1, MP-powered wands, able to fly
a: Fly


You were on level 3 of the Dungeon.
You visited 1 branch of the dungeon, and saw 3 of its levels.

You collected 132 gold pieces.

Inventory:

Armour
 a - a +1 robe (worn)
 g - a scarf of shadows (worn)
Jewellery
 l - a +6 ring of strength {unknown}
 m - a +6 ring of intelligence {unknown}
Scrolls
 c - a scroll of immolation {unknown}
Potions
 b - a potion of degeneration
 f - a potion of haste
 i - 2 potions of lignification {unknown}
 j - a potion of attraction {unknown}
 k - a potion of flight {unknown}


   Skills:
 + Level 1.8 Fighting
 + Level 2.8 Dodging
 * Level 4.3 Unarmed Combat
 + Level 2.5 Spellcasting
 * Level 2.8 Transmutations
 * Level 1.7 Poison Magic


You had 5 spell levels left.
You knew the following spells:

 Your Spells              Type           Power        Failure   Level
a - Beastly Appendage     Tmut           #.....       7%          1
b - Spider Form           Tmut/Pois      #.........   24%         3

Your spell library contained the following spells:

 Spells                   Type           Power        Failure   Level
 Wereblood                Tmut           #.......     10%         2
 Ice Form                 Ice/Tmut       #.......     75%         4
 Blade Hands              Tmut           #.........   88%         5


Dungeon Overview and Level Annotations

Branches:
Dungeon (3/15)

Altars:
Qazlal
Vehumet


Innate Abilities, Weirdness & Mutations

You have a beak for a mouth.
You have claws for feet.
You can fly continuously.
You have a pair of small horns on your head.
Your mind is acute. (Int +2)
You expend magic power (3 MP) to strengthen your wands.


Message History

You kill the gnoll!
The gnoll barely misses you.
Your transformation has ended.
Your scarf of shadows unmelds from your body.
Your +1 robe unmelds from your body.
It gets dark.
You see here a +0 club.
It was a potion of curing.
You feel better.
It was a potion of mutation.
You feel extremely strange.
You feel your magical essence link to the dungeon's wands.
A pair of horns grows on your head!
You feel clever.
It was a potion of haste.
You feel yourself speed up. The gnoll barely misses you.
It was a potion of ambrosia.
You are confused.
You feel invigorated. The gnoll misses you.
You bump into the rock wall.
The gnoll hits you from afar with a +2 spear of distortion.
Space warps horribly around you!!
Ouch! That really hurt!
You die...

### #.#### #....# #.##.#
#.##.# ##### #.##.# #..@#
#** #.##.# #...# #≈* #.##.#
#.g.###≈#######.##.#
###...##.≈......#.##.#
###.....##.≈..###.#.##.# **
#.......##.≈......#.##.. ,*
#.#.#.#.###≈#†#(..###### **
#.....#...#≈#.#...#*** #
**#######.....#.#≈####..#*≈#
#


You could see a gnoll.

Vanquished Creatures
  Jessica (D:3)
  Terence (D:3)
  3 gnolls (D:3)
  3 adders (D:2)
  2 oozes
  A worm (D:1)
  3 dart slugs (D:1)
  4 bats
  2 giant cockroaches
  6 goblins
  11 hobgoblins
  3 jackals (D:1)
  9 kobolds
  A quokka (D:2)
  A ball python (D:2)
  8 frilled lizards
  8 rats
67 creatures vanquished.

Notes
Turn   | Place    | Note
-------+----------+-------------------------------------------
     0 | D:1      | kae the Tengu Transmuter began the quest for the Orb.
     0 | D:1      | Reached XP level 1. HP: 12/12 MP: 4/4
   108 | D:1      | Reached XP level 2. HP: 5/16 MP: 6/6
   553 | D:1      | Reached XP level 3. HP: 20/20 MP: 5/7
   558 | D:1      | Learned a level 3 spell: Spider Form
  1460 | D:2      | Found a radiant altar of Vehumet.
  1462 | D:2      | Found a stormy altar of Qazlal.
  1516 | D:2      | Reached XP level 4. HP: 25/25 MP: 6/8
  1754 | D:2      | Reached skill level 4 in Unarmed Combat
  1754 | D:2      | Reached skill level 1 in Poison Magic
  2480 | D:3      | Noticed Jessica
  2487 | D:3      | Killed Jessica
  2487 | D:3      | Gained mutation: You can fly continuously. [Tengu growth]
  2487 | D:3      | Reached XP level 5. HP: 19/29 MP: 5/9
  2840 | D:3      | Noticed Terence
  2849 | D:3      | Killed Terence
  2972 | D:3      | Gained mutation: You expend magic power (3 MP) to
                  | strengthen your wands. [potion of mutation]
  2972 | D:3      | Gained mutation: You have a pair of small horns on your
                  | head. [potion of mutation]
  2972 | D:3      | Gained mutation: Your mind is acute. (Int +2) [potion of
                  | mutation]
  2975 | D:3      | Slain by a gnoll

Illustrated notes

Levels and vault maps discovered:
D:1:      dpeg_arrival_rooms_with_view, layout_basic
D:2:      layout_rooms, grunt_temple_overflow_open
D:3:      layout_basic, serial_rivers, chequers_serial_rivers_micro_c,
          chequers_serial_rivers_room_b, chequers_serial_rivers_large_a,
          chequers_serial_rivers_micro_a, chequers_serial_rivers_small_a,
          uniq_terence, uniq_jessica

Skill      XL: |  1  2  3  4 |
---------------+-------------+-----
Transmutations | 2 |  2.8
Unarmed Combat | 4 |  4.3
Poison Magic   | 1 |  1.7
Fighting       | |  1.8
Dodging        | |  2.8
Spellcasting   | |  2.5

Action                   |  1- 3 |  4- 6 || total
-------------------------+-------+-------++-------
Melee: Unarmed           |    82 |    68 ||   150
       Kick              |    18 |    12 ||    30
       Headbutt          |     7 |     4 ||    11
       Peck              |     6 |    13 ||    19
 Cast: Beastly Appendage |    23 |    20 ||    43
       Spider Form       |       |     3 ||     3
  Use: Scroll            |     4 |     1 ||     5
       Potion            |       |     4 ||     4
Armor: Robe              |    16 |    10 ||    26
Dodge: Dodged            |    58 |    45 ||   103

Table legend: (Time is in decaauts)
 A = Elapsed time spent in this place.
 B = Non-inter-level travel time spent in this place.
 C = Inter-level travel time spent in this place.
 D = Time resting spent in this place.
 E = Time spent auto-exploring this place.
 F = Levels seen in this place.
 G = Mean time per level.
                   A        B        C        D        E       F      G
               +--------+--------+--------+--------+--------+-----+--------+
         Total |   2971 |   2822 |    149 |    115 |   2205 |   3 |  990.3 |
       Dungeon |   2971 |   2822 |    149 |    115 |   2205 |   3 |  990.3 |
               +--------+--------+--------+--------+--------+-----+--------+

Top non-repeatable levels by time:
     D:1: 1343 daAuts
     D:2: 953 daAuts
     D:3: 674 daAuts
